 Dungeon Crawl Stone Soup version 0.28.0-43-g3370ac3207 (webtiles) character file.

Game seed: 10628216443680286783

7967 Alfie the Carver (level 11, -11/93 HPs)
             Began as a Hill Orc Fighter on Mar 26, 2022.
             Killed from afar by an acid dragon (30 damage)
             ... with a splash of acid
             ... on level 9 of the Dungeon.
             The game lasted 00:29:41 (8313 turns).

Alfie the Carver (Hill Orc Fighter)                 Turns: 8313, Time: 00:29:41

Health: -11/93     AC:  8    Str: 24    XL:     11   Next: 23%
Magic:  12/12      EV: 11    Int:  8    God:
Gold:   1385       SH:  0    Dex: 12    Spells: 12/12 levels left

rFire   . . .      SeeInvis +   a - +2 long sword (protect)
rCold   . . .      Faith    .   c - +2 buckler
rNeg    . . .      Spirit   .   b - +2 scale mail
rPois   .          Reflect  .   (no helmet)
rElec   .          Harm     .   s - +1 cloak
rCorr   .          Rampage  .   (no gloves)
Will    .....                   (no boots)
Stlth   +.........              g - amulet of regeneration
HPRegen 1.05/turn               q - ring of see invisible
MPRegen 0.13/turn               j - +4 ring of protection

@: confused, ambrosia-drunk, corroded, slowed, very slow
A: camouflage 1, agile 1, MP-powered wands
a: no special abilities


You were on level 9 of the Dungeon.
You visited 1 branch of the dungeon, and saw 9 of its levels.
You also visited: Ossuary.

You collected 1415 gold pieces.
You spent 30 gold pieces at shops.

Inventory:

Hand Weapons
 a - a +2 long sword of protection (weapon)
Missiles
 m - 17 silver boomerangs
Armour
 b - a +2 scale mail (worn)
 c - a +2 buckler (worn)
 f - a +0 pair of boots
 l - a scarf of harm
 s - a +1 cloak (worn)
Jewellery
 g - an amulet of regeneration (around neck)
 j - a +4 ring of protection (right hand)
 q - a ring of see invisible (left hand)
 C - an amulet of the acrobat
 D - an amulet of magic regeneration
Wands
 n - a wand of flame (10) (quivered)
 p - a wand of paralysis (5)
 y - a wand of digging (7)
Scrolls
 h - 2 scrolls of teleportation
 t - 5 scrolls of identify
 v - 2 scrolls of fear
 A - 3 scrolls of enchant weapon
 B - 2 scrolls of fog
Potions
 e - 4 potions of curing
 i - 4 potions of brilliance
 k - a potion of ambrosia
 o - 4 potions of flight
 r - a potion of magic
 x - a potion of invisibility


   Skills:
 + Level 7.6 Fighting
 + Level 1.3(6.4) Short Blades
 + Level 10.9(11.0) Long Blades
 + Level 2.0(3.2) Axes
 + Level 1.5(2.2) Maces & Flails
 + Level 2.6(3.1) Polearms
 + Level 1.2(2.1) Staves
 + Level 2.1(2.3) Slings
 + Level 1.2 Bows
 + Level 1.2 Crossbows
 + Level 1.2(1.9) Throwing
 + Level 8.1 Armour
 + Level 3.8 Dodging
 + Level 1.9 Stealth
 + Level 6.3 Shields
 + Level 2.1 Unarmed Combat
 + Level 1.0 Spellcasting
 + Level 1.3 Conjurations
 + Level 1.3 Hexes
 + Level 1.8 Summonings
 + Level 1.3 Necromancy
 + Level 1.1 Translocations
 + Level 1.0 Transmutations
 + Level 1.5 Fire Magic
 + Level 1.2 Ice Magic
 + Level 1.1 Air Magic
 + Level 1.3 Earth Magic
 + Level 1.2 Poison Magic
 + Level 2.0 Invocations
 + Level 1.3 Evocations


You had 12 spell levels left.
You didn't know any spells.
Your spell library contained the following spells:

 Spells                   Type           Power      Damage    Failure   Level
 Summon Small Mammal      Summ           12%        N/A       45%         1
 Animate Skeleton         Necr           4%         N/A       54%         1
 Apportation              Tloc           4%         N/A       56%         1
 Cause Fear               Hex            1%         N/A       99%         4
 Dragon Form              Tmut           1%         N/A       100%        7
 Dragon's Call            Summ           1%         N/A       100%        9


Dungeon Overview and Level Annotations

Branches:
Dungeon (9/15)             Temple (0/1) D:4         Ossuary (visited)
   Lair: D:8-11         Orc: D:9-12

Altars:
Nemelex Xobeh
Beogh

Shops:
D:4 *

Annotations:
D:3 3 runed translucent doors, CInkIbrahim's ghost, amateur OpBe
D:7 kalagan's ghost, novice DECj
D:9 Erica


Innate Abilities, Weirdness & Mutations

Your skin changes colour to match your surroundings (Stealth+).
You are agile. (Dex +2)
You expend magic power (3 MP) to strengthen your wands.


Message History

The acid dragon claws you but does no damage.
Erica closely misses you.
You feel much better.
You feel sick.
The kobold brigand hits you but does no damage.
The acid dragon barely misses you.
The acid dragon claws you but does no damage.
Erica hits you with a +0 scimitar of flaming.
Erica burns you.
You hit the acid dragon.
The acid dragon is moderately wounded.
You feel sick. You block the kobold brigand's attack.
The acid dragon bites you but does no damage.
The acid dragon claws you but does no damage.
You closely miss the acid dragon.
The acid dragon is moderately wounded.
You feel sick. Erica hits you but does no damage.
The kobold brigand hits you but does no damage.
You completely miss the acid dragon.
The acid dragon is moderately wounded.
You feel sick. The acid dragon spits acid at you. The splash of acid hits you!!
* * * LOW HITPOINT WARNING * * *
Erica hits you with a +0 scimitar of flaming.
* * * LOW HITPOINT WARNING * * *
Erica burns you.
* * * LOW HITPOINT WARNING * * *
You block the kobold brigand's attack.
You feel better. The acid dragon bites you.
* * * LOW HITPOINT WARNING * * *
The acid dragon claws you but does no damage.
Erica gestures at you while chanting.
You feel yourself slow down.
The kobold brigand hits you with a +0 dagger.
* * * LOW HITPOINT WARNING * * *
You are confused.
You feel invigorated. The acid dragon spits acid at you.
The splash of acid hits you!!
You die...

....D.....#
..#####..(#
#...#...#
#+#...#...#
######.....#D..#####
#..........#........
#..........#.####+##
#.....@.D..'.#
#.....K@...#)#
.........###.#
.........#...#
.........#...#
.........#...#
.........#....
.........#....
#####....#....
#.....


You could see Erica (resistant, invisible), an acid dragon (catching breath) and
a kobold brigand.

Vanquished Creatures
  A centaur warrior (D:9)
  Pikel (D:4)
  A vampire mosquito (D:9)
  Duvessa (D:4)
  3 water moccasins
  3 orc warriors
  3 ogres
  2 centaurs
  A lemure (D:4)
  2 phantoms
  2 kobold brigands (D:8)
  8 scorpions
  Dowan (D:4)
  10 wights
  A bullfrog zombie (D:5)
  10 centaur zombies
  2 hounds (D:5)
  A jelly (D:8)
  A gnoll shaman (D:7)
  3 orc priests
  A centaur skeleton (D:6)
  4 human zombies (Ossuary)
  3 iguanas (D:6)
  3 scorpion zombies (Ossuary)
  Natasha (thrice) (D:2)
  An orc wizard (D:7)
  A hound skeleton (D:4)
  3 mummies (Ossuary)
  10 gnolls
  5 adders
  A shadow imp (D:6)
  2 white imps
  An ufetubus (D:7)
  A worm (D:2)
  3 dart slugs
  25 orcs
  5 ball pythons
  9 endoplasms
  A giant cockroach (D:1)
  A gnoll zombie (Ossuary)
  11 goblins
  10 hobgoblins
  3 quokkas
  11 bats
  5 frilled lizards
  2 goblin zombies (Ossuary)
  3 hobgoblin zombies (Ossuary)
  14 kobolds
  2 kobold zombies (Ossuary)
  4 orc zombies (Ossuary)
  7 rats
212 creatures vanquished.

Vanquished Creatures (others)
  A steam dragon (D:9)
1 creature vanquished.

Grand Total: 213 creatures vanquished

Notes
Turn   | Place    | Note
-------+----------+-------------------------------------------
     0 | D:1      | Alfie the Hill Orc Fighter began the quest for the Orb.
     0 | D:1      | Reached XP level 1. HP: 19/19 MP: 1/1
   199 | D:1      | Reached XP level 2. HP: 25/27 MP: 2/2
   310 | D:1      | Reached XP level 3. HP: 28/33 MP: 3/3
   387 | D:1      | Reached skill level 3 in Long Blades
  1092 | D:2      | Noticed Natasha
  1105 | D:2      | Killed Natasha
  1106 | D:2      | Reached XP level 4. HP: 11/40 MP: 4/4
  1361 | D:2      | Noticed Natasha
  1382 | D:2      | Killed Natasha
  1383 | D:2      | Reached skill level 4 in Long Blades
  1609 | D:2      | Noticed Natasha
  1646 | D:2      | Reached XP level 5. HP: 9/46 MP: 5/5
  1899 | D:2      | Killed Natasha
  2101 | D:2      | Found a faded altar of an unknown god.
  2900 | D:3      | Reached skill level 1 in Dodging
  2900 | D:3      | Reached XP level 6. HP: 37/53 MP: 6/6
  3049 | D:3      | Found a runed translucent gate.
  3051 | D:3      | Found a runed translucent gate.
  3052 | D:3      | Found a runed translucent gate.
  3052 | D:3      | Noticed CInkIbrahim's ghost (amateur OpBe)
  3053 | D:3      | Identified the +5 whip of the Maze {drain, rF+}
  3053 | D:3      | Identified the +1 leather armour "Lihuixif" {rElec Will+
                  | Str-3}
  3058 | D:3      | Found a roughly hewn altar of Beogh.
  3152 | D:3      | Reached skill level 5 in Long Blades
  3577 | D:4      | Found a sand-covered staircase.
  3589 | Ossuary  | Entered an ossuary
  3641 | Ossuary  | Reached skill level 5 in Armour
  3656 | Ossuary  | Reached XP level 7. HP: 60/60 MP: 7/7
  3751 | Ossuary  | Reached skill level 6 in Long Blades
  3854 | Ossuary  | Reached skill level 5 in Fighting
  3884 | Ossuary  | Reached skill level 7 in Long Blades
  3884 | Ossuary  | Reached XP level 8. HP: 54/68 MP: 8/8
  4108 | D:4      | Noticed Pikel
  4130 | D:4      | Killed Pikel
  4131 | D:4      | Reached skill level 8 in Long Blades
  4235 | D:4      | Found a staircase to the Ecumenical Temple.
  4249 | D:4      | Found Qatris's General Store.
  4273 | D:4      | Bought a potion of curing for 30 gold pieces
  4283 | D:4      | Noticed Dowan
  4285 | D:4      | Noticed Duvessa
  4307 | D:4      | Killed Duvessa
  4329 | D:4      | Killed Dowan
  4330 | D:4      | Reached XP level 9. HP: 64/75 MP: 9/9
  4490 | D:4      | Found a sparkling altar of Nemelex Xobeh.
  4580 | D:5      | Entered Level 5 of the Dungeon
  4843 | D:5      | Identified a scroll of acquirement
  4843 | D:5      | Acquired 843 gold pieces
  5275 | D:6      | Reached skill level 9 in Long Blades
  5275 | D:6      | Reached skill level 5 in Shields
  6331 | D:7      | Noticed kalagan's ghost (novice DECj)
  6342 | D:7      | Found a runed translucent door.
  6507 | D:7      | Reached skill level 10 in Long Blades
  6682 | D:7      | Found a flagged portal.
  7072 | D:7      | Gained mutation: Your skin changes colour to match your
                  | surroundings (Stealth+). [potion of mutation]
  7072 | D:7      | Gained mutation: You expend magic power (3 MP) to
                  | strengthen your wands. [potion of mutation]
  7072 | D:7      | Gained mutation: You are agile. (Dex +2) [potion of
                  | mutation]
  7096 | D:7      | Reached skill level 1 in Short Blades
  7096 | D:7      | Reached skill level 1 in Maces & Flails
  7096 | D:7      | Reached skill level 1 in Staves
  7096 | D:7      | Reached skill level 1 in Bows
  7096 | D:7      | Reached skill level 1 in Crossbows
  7096 | D:7      | Reached skill level 1 in Throwing
  7096 | D:7      | Reached skill level 1 in Stealth
  7096 | D:7      | Reached skill level 1 in Spellcasting
  7096 | D:7      | Reached skill level 1 in Conjurations
  7096 | D:7      | Reached skill level 1 in Hexes
  7096 | D:7      | Reached skill level 1 in Summonings
  7096 | D:7      | Reached skill level 1 in Necromancy
  7096 | D:7      | Reached skill level 1 in Translocations
  7096 | D:7      | Reached skill level 1 in Transmutations
  7096 | D:7      | Reached skill level 1 in Fire Magic
  7096 | D:7      | Reached skill level 1 in Ice Magic
  7096 | D:7      | Reached skill level 1 in Air Magic
  7096 | D:7      | Reached skill level 1 in Earth Magic
  7096 | D:7      | Reached skill level 1 in Poison Magic
  7096 | D:7      | Reached skill level 1 in Evocations
  7096 | D:7      | Reached XP level 10. HP: 75/83 MP: 9/11
  7413 | D:8      | Reached XP level 11. HP: 86/91 MP: 12/12
  8225 | D:9      | Noticed a centaur warrior
  8225 | D:9      | Noticed a four-headed hydra
  8242 | D:9      | Killed a centaur warrior
  8289 | D:9      | Noticed Erica
  8313 | D:9      | Killed from afar by an acid dragon

Illustrated notes

Levels and vault maps discovered:
D:1:      dpeg_arrival_three_same_balls, layout_loops_ring, minmay_pentomino_w4
D:2:      layout_basic, chequers_ecumenical_altar_simple, uniq_natasha
D:3:      layout_basic, biasface_ghost_orc_armoury
D:4:      layout_rooms, nemelex_altar_shiori, minmay_temple_entry_ruins,
          serial_shops, nicolae_shop_window_shopping, enter_ossuary_1,
          uniq_pikel, uniq_duvessa
D:5:      layout_basic
D:6:      layout_layer_cave
D:7:      layout_loops_ring, enter_bailey_3, hellmonk_ghost_happy_afterlife,
          grunt_decor_resistance
D:8:      layout_gridville, minmay_unpleasant_kobolds
D:9:      minmay_the_grid_square_5x5_4x4 [minmay_the_grid_square_5x5_minibox,
          minmay_the_grid_square_5x5_one_wall,
          minmay_the_grid_square_5x5_checkered_statues,
          minmay_the_grid_square_5x5_moneybag,
          minmay_the_grid_square_5x5_doubleslash,
          minmay_the_grid_square_5x5_prize_rear_guard,
          minmay_the_grid_square_5x5_prize_deathbox,
          minmay_the_grid_square_5x5_empty, minmay_the_grid_square_5x5_three,
          minmay_the_grid_square_5x5_prize_itemx,
          minmay_the_grid_square_5x5_prize_gold,
          minmay_the_grid_square_5x5_hourglass, minmay_the_grid_square_5x5_tie,
          minmay_the_grid_square_5x5_three_walls,
          minmay_the_grid_square_5x5_tri_point,
          minmay_the_grid_square_5x5_eight], layout_irregular_city,
          serial_shops, kennysheep_mini, uniq_erica

Skill      XL: |  1  2  3  4  5  6  7  8  9 10 11 |
---------------+----------------------------------+-----
Long Blades    | 3 4 5 7 8 10 | 10.9
Fighting       | 4 5 7 |  7.6
Armour         | 4 5 6 7 8 |  8.1
Dodging        | 1 2 3 |  3.8
Shields        | 4 5 6 |  6.3
Short Blades   | 1 |  1.3
Axes           | 2 |  2.0
Maces & Flails | 1 |  1.5
Polearms       | 2 |  2.6
Staves         | 1 |  1.2
Slings         | 2 |  2.1
Bows           | 1 |  1.2
Crossbows      | 1 |  1.2
Throwing       | 1 |  1.2
Stealth        | 1 |  1.9
Unarmed Combat | 2 |  2.1
Spellcasting   | 1 |  1.0
Conjurations   | 1 |  1.3
Hexes          | 1 |  1.3
Summonings     | 1 |  1.8
Necromancy     | 1 |  1.3
Translocations | 1 |  1.1
Transmutations | 1 |  1.0
Fire Magic     | 1 |  1.5
Ice Magic      | 1 |  1.2
Air Magic      | 1 |  1.1
Earth Magic    | 1 |  1.3
Poison Magic   | 1 |  1.2
Invocations    | 2 |  2.0
Evocations     | 1 |  1.3

Action                   |  1- 3 |  4- 6 |  7- 9 | 10-12 || total
-------------------------+-------+-------+-------+-------++-------
Melee: Long sword        |   120 |   169 |   571 |   211 ||  1071
  Use: Scroll            |     6 |     7 |     9 |     6 ||    28
       Potion            |       |     4 |     5 |    10 ||    19
 Stab: Invisible         |       |       |       |     5 ||     5
Armor: Scale mail        |    68 |    77 |   271 |   193 ||   609
       Skin              |       |       |    27 |       ||    27
Dodge: Dodged            |    69 |    84 |   231 |   125 ||   509
Block: Buckler           |    19 |    40 |   141 |    77 ||   277
